 Dungeon Sprint DCSS version 0.27-a0-808-g60bc5d92e6 (webtiles) character file.

Game seed: 8588894238003405307

1246 mhtbhm the Thaumaturge (level 8, -14/54 HPs)
             Began as a Djinni Earth Elementalist on Mar 28, 2021.
             Was a Believer of Makhleb.
             Demolished by an ice devil (33 damage)
             ... summoned by a kobold demonologist
             ... in the Dungeon (Sprint IX: "|||||||||||||||||||||||||||||").
             The game lasted 00:03:16 (924 turns).

mhtbhm the Thaumaturge (Djinni Earth Elementalist)   Turns: 924, Time: 00:03:17

Health: -14/54     AC: 10    Str:  8    XL:     8   Next: 50%
Gold:   0          EV:  4    Int: 18    God:    Makhleb [**....] SH:  0 Dex: 20

rFire    + + .     SeeInvis .   (no weapon)
rCold    x . .     Faith    .   (no shield)
rNeg     . . .     Spirit   .   c - +1 chain mail
rPois    ∞         Reflect  .   (no helmet)
rElec    .         Harm     .   (no cloak)
rCorr    .         Rampage  .   k - +0 pair of gloves
Will     .....     NoTele   +   (boots unavailable)
Stlth    ..........             (no amulet)
HPRegen  0.18/turn              l - +3 ring of dexterity
MPRegen  0.00/turn              m - +3 ring of dexterity

@: flying, slowed, very slow
A: fire resistance 2, cold vulnerability 1, float, innate caster, hp casting,
extra vitality 1
a: Renounce Religion, Minor Destruction


You were in the Dungeon.
You worshipped Makhleb.
Makhleb was pleased with you.
You visited 1 branch

Inventory:

Hand Weapons
 j - a +4 quarterstaff of speed
Missiles
 b - 3 stones
Armour
 c - a +1 chain mail (worn)
 k - a +0 pair of gloves (worn)
Jewellery
 l - a +3 ring of dexterity (left hand)
 m - a +3 ring of dexterity (right hand)
Wands
 i - a wand of acid (7)
Scrolls
 h - 2 scrolls of blinking
Potions
 a - a potion of invisibility
 d - 5 potions of curing
 e - 2 potions of heal wounds
 f - a potion of haste
 g - a potion of berserk rage


   Skills:
 + Level 2.1 Fighting
 + Level 0.1 Armour
 + Level 6.6 Dodging
 + Level 4.8 Stealth
 + Level 13.5 Spellcasting
 + Level 1.3 Evocations


You had 13 spell levels left.
You knew the following spells:

 Your Spells              Type           Power      Damage    Failure   Level
a - Sandblast             Erth           100%       2d20      4%          1
b - Passwall              Tmut/Erth      47%        N/A       6%          2
c - Stone Arrow           Conj/Erth      100%       3d13      13%         3
d - Petrify               Tmut/Erth      57%        N/A       38%         4
e - Lee's Rapid Deconstr  Erth           28%        3d16*     75%         5
f - Apportation           Tloc           100%       N/A       4%          1
g - Corpse Rot            Necr/Air       N/A        N/A       6%          2
h - Portal Projectile     Hex/Tloc       100%       N/A       13%         3
Your spell library was empty.

Dungeon Overview and Level Annotations

Branches:
Dungeon (1/1)

Altars:
Cheibriados
Dithmenos
Elyvilon
Fedhas
Gozag
Hepliaklqana
Kikubaaqudgha
Makhleb
Nemelex Xobeh
Okawaru
Qazlal
Ru
Sif Muna
Trog
Uskayaw
Vehumet
Wu Jian
Xom
Yredelemnul
Zin
The Shining One
Beogh
Jiyva
Lugonu


Innate Abilities, Weirdness & Mutations

You are immune to poison.
Your flesh is very heat resistant. (rF++)
You are vulnerable to cold. (rC-)
You float through the air rather than walking.
You learn spells naturally, not from books.
Your magical power is your life essence.
You have superior vitality. (+4 HP)


Message History

Aiming: Sandblast (safe; 4% risk of failure)
Press: ? - help, Shift-Dir - straight line, f/p - wraith
Aim: a wraith (lightly damaged, 16% to evade)
The blast of sand hits the wraith!
The wraith is severely damaged.
The wraith hits you. The wraith drains your vigour!
You feel as though you will be slow longer.
The wraith hits you. The wraith drains your vigour!
You feel as though you will be slow longer.
Casting: Sandblast (safe; 4% risk of failure)
Confirm with . or Enter, or press ? or * to list all spells.
Aiming: Sandblast (safe; 4% risk of failure)
Press: ? - help, Shift-Dir - straight line, f/p - wraith
Aim: a wraith (severely damaged, 16% to evade)
The blast of sand hits the wraith!!
You destroy the wraith!
Makhleb accepts your kill.
You feel better.
The kobold demonologist gestures wildly while chanting.
Unknown command.
Casting: Sandblast (safe; 4% risk of failure)
Confirm with . or Enter, or press ? or * to list all spells.
Aiming: Sandblast (safe; 4% risk of failure)
Press: ? - help, Shift-Dir - straight line, f - chaos spawn
Aim: a chaos spawn (summoned, 20% to evade)
The blast of sand hits the chaos spawn!
The chaos spawn is heavily wounded.
The chaos spawn hits you. The chaos spawn freezes you!
You feel a terrible chill!
Casting: Sandblast (safe; 4% risk of failure)
Confirm with . or Enter, or press ? or * to list all spells.
Aiming: Sandblast (safe; 4% risk of failure)
Press: ? - help, Shift-Dir - straight line, f/p - chaos spawn
Aim: a chaos spawn (heavily wounded, summoned, 20% to evade)
The blast of sand hits the ice devil!!
The ice devil is heavily wounded.
The kobold demonologist looks braver for a moment.
The ice devil hits you! The ice devil freezes you!!
You feel a terrible chill!
Ouch! That really hurt!
You die... ▓▓▓▓▓▓▓▓▓▓▓▓▓▓▓▓▓▓▓▓▓▓▓▓ ySKK944@..†))'...[[.)?!' ▓▓▓▓▓▓▓▓▓▓▓▓▓▓▓▓▓▓▓▓▓▓▓▓

You could see an ice devil (summoned), 2 kobold demonologists, a black mamba shaped shifter, a chaos spawn (summoned), a vampire mosquito and a gargoyle.

Vanquished Creatures
  A two-headed ogre (D)
  A wraith (D)
  A wyvern (D)
  An acid dragon (D)
  A centaur (D)
  A phantom (D)
  A howler monkey (D)
  An orc wizard (D)
  A shadow imp (D)
  A dart slug (D)
  A bat skeleton (D)
  An endoplasm (D)
  A giant cockroach (D)
  A ball python (D)
  A ball python zombie (D)
  A quokka zombie (D)
  A rat (D)
17 creatures vanquished.

Notes
Turn   | Place    | Note
-------+----------+-------------------------------------------
     0 | D        | mhtbhm the Djinni Earth Elementalist began the quest for
                  | the Orb.
     0 | D        | Reached XP level 1. HP: 15/15 MP: 0/0
     5 | D        | Reached skill level 3 in Spellcasting
   406 | D        | Reached XP level 2. HP: 18/21 MP: 0/0
   540 | D        | Noticed a howler monkey
   540 | D        | Noticed a phantom
   546 | D        | Killed a phantom
   547 | D        | Reached skill level 6 in Spellcasting
   547 | D        | Reached XP level 3. HP: 19/25 MP: 0/0
   547 | D        | Learned a level 1 spell: Apportation
   547 | D        | Reached XP level 4. HP: 24/31 MP: 0/0
   548 | D        | Reached skill level 7 in Spellcasting
   552 | D        | Reached XP level 5. HP: 25/36 MP: 0/0
   552 | D        | Learned a level 2 spell: Corpse Rot
   691 | D        | Found a snail-covered altar of Cheibriados.
   691 | D        | Found a shadowy altar of Dithmenos.
   691 | D        | Found a white marble altar of Elyvilon.
   691 | D        | Found a blossoming altar of Fedhas.
   691 | D        | Found an opulent altar of Gozag.
   692 | D        | Found a hazy altar of Hepliaklqana.
   693 | D        | Found a viscous altar of Jiyva.
   695 | D        | Found a corrupted altar of Lugonu.
   696 | D        | Found a burning altar of Makhleb.
   697 | D        | Found a sparkling altar of Nemelex Xobeh.
   698 | D        | Found an iron altar of Okawaru.
   699 | D        | Found a stormy altar of Qazlal.
   700 | D        | Found a sacrificial altar of Ru.
   702 | D        | Found a bloodstained altar of Trog.
   703 | D        | Found a hide-covered altar of Uskayaw.
   705 | D        | Found an ornate altar of the Wu Jian Council.
   706 | D        | Found a shimmering altar of Xom.
   707 | D        | Found a basalt altar of Yredelemnul.
   708 | D        | Found a glowing silver altar of Zin.
   709 | D        | Found a glowing golden altar of the Shining One.
   738 | D        | Became a worshipper of Makhleb the Destroyer
   793 | D        | Noticed an acid dragon
   793 | D        | Noticed a wyvern
   793 | D        | Noticed a two-headed ogre
   793 | D        | Noticed a centaur
   795 | D        | Killed a centaur
   795 | D        | Killed a wyvern
   795 | D        | Reached * piety under Makhleb
   796 | D        | Reached skill level 1 in Fighting
   796 | D        | Reached skill level 5 in Dodging
   796 | D        | Reached skill level 10 in Spellcasting
   796 | D        | Reached XP level 6. HP: 29/42 MP: 0/0
   796 | D        | Killed a two-headed ogre
   797 | D        | Reached skill level 12 in Spellcasting
   797 | D        | Reached skill level 1 in Evocations
   797 | D        | Reached XP level 7. HP: 33/48 MP: 0/0
   797 | D        | Learned a level 3 spell: Portal Projectile
   797 | D        | Reached XP level 8. HP: 37/54 MP: 0/0
   798 | D        | Reached skill level 13 in Spellcasting
   801 | D        | Reached ** piety under Makhleb
   918 | D        | Noticed a kobold demonologist
   918 | D        | Noticed a kobold demonologist
   918 | D        | Noticed a gargoyle
   918 | D        | Noticed a wraith
   918 | D        | Noticed a black mamba
   918 | D        | a hog changed into a black mamba
   922 | D        | Killed a wraith
   923 | D        | Noticed an ice devil
   924 | D        | Demolished by an ice devil

Illustrated notes

Levels and vault maps discovered:
D:        linesprint [early_d, line_temple, items_1, d_10, items_2, lair_1,
          lair_end, items_3, orc_1, orc_end, items_4, d_15, swamp_1, shoals_1,
          snake_1, spider_1, d_20, vaults_1, items_5, swamp_end, shoals_end,
          snake_end, spider_end, vaults_end, d_27, items_6, zot_1, zot_end,
          crypt_end, forest_end, elf_end, slime_end, tomb_end, abyss_end,
          pan_hell_end]

Skill      XL: |  1  2  3  4  5  6  7  8 |
---------------+-------------------------+-----
Spellcasting   | 3 6 7 10 12 13 | 13.5
Dodging        | 3 4 5 6 |  6.6
Stealth        | 2 3 4 |  4.8
Fighting       | 1 2 |  2.1
Evocations     | 1 |  1.3
Armour         | |  0.1

Action                   |  1- 3 |  4- 6 |  7- 9 || total
-------------------------+-------+-------+-------++-------
Melee: Unarmed           |     2 |       |       ||     2
 Cast: Sandblast         |    13 |     4 |    10 ||    27
       Stone Arrow       |       |     2 |       ||     2
Evoke: Wand              |       |     2 |     1 ||     3
  Use: Potion            |     1 |       |       ||     1
Armor: Chain mail        |       |     1 |     1 ||     2
Dodge: Dodged            |     1 |     1 |       ||     2

Table legend: (Time is in decaauts)
 A = Elapsed time spent in this place.
 B = Non-inter-level travel time spent in this place.
 C = Inter-level travel time spent in this place.
 D = Time resting spent in this place.
 E = Time spent auto-exploring this place.
 F = Levels seen in this place.
 G = Mean time per level.
                   A        B        C        D        E       F      G
               +--------+--------+--------+--------+--------+-----+--------+
         Total |    925 |    925 |      0 |    756 |      0 |   1 |  925.0 |
       Dungeon |    925 |    925 |      0 |    756 |      0 |   1 |  925.0 |
               +--------+--------+--------+--------+--------+-----+--------+

Top non-repeatable levels by time:
       D: 925 daAuts
